 Dungeon Crawl Stone Soup version 0.20-a0-470-gbb038bd (webtiles) character file.

2044945 Scytalen the Axe Maniac (level 27, 265/265 (273) HPs)
             Began as a Minotaur Berserker on Jan 12, 2017.
             Was the Champion of Trog.
             Escaped with the Orb
             ... and 3 runes on Jan 14, 2017!
             The game lasted 03:44:08 (50794 turns).

Scytalen the Axe Maniac (Minotaur Berserker)       Turns: 50794, Time: 03:44:09

HP:   265/265 (273) AC: 54    Str: 24    XL:     27
MP:   22/22         EV: 26    Int: 10    God:    Trog [******]
Gold: 6534          SH:  0    Dex: 29    Spells: 26/26 levels left

rFire  + . .     SeeInvis .     d - +9 executioner's axe (vamp)
rCold  + + +     Gourm    .     x - +8 orange crystal plate armour {Archmagi, Int+3 Clar}
rNeg   + . .     Faith    .     (shield currently unavailable)
rPois  .         Spirit   .     q - +2 hat {MR+}
rElec  +         Reflect  .     n - +1 cloak "Ymmauf" {-Cast *Corrode rElec Regen+}
rCorr  .         Harm     .     h - +2 pair of gloves {archery}
MR     +++..     Clarity  +     s - +2 pair of boots
Stlth  .......... NoCast   +    X - amulet "Sirphiog" {Regen+ Dex+8}
                                g - ring "Xamu" {rF+ rC+ Dex+6}
                                b - ring of the Thistle {rC++ rN+ Dex-3 Slay+3}

@: drained
A: retaliatory headbutt, horns 2, icy blue scales 1
0: Orb of Zot
}: 3/15 runes: decaying, silver, gossamer
a: Berserk, Trog's Hand, Brothers in Arms, Burn Spellbooks, Renounce Religion


You escaped.
You worshipped Trog.
Trog was exalted by your worship.
You were very full.

You visited 8 branches of the dungeon, and saw 46 of its levels.
You visited the Abyss 1 time.
You also visited: Trove, Bailey, Ice Cave and Desolation.

You collected 7250 gold pieces.
You spent 716 gold pieces at shops.

Inventory:

Hand Weapons
 d - a +9 vampiric executioner's axe (weapon)
Missiles
 v - 27 steel javelins
 E - 9 javelins of penetration
 H - 3 poisoned javelins
 U - 16 silver javelins
 W - 3 javelins of returning (quivered)
Armour
 h - a +2 pair of gloves of archery (worn)
 n - the +1 cloak "Ymmauf" (worn) {-Cast *Corrode rElec Regen+}
   (You found it in a treasure trove)

   It insulates you from electricity.
   It prevents spellcasting.
   It increases your rate of regeneration.
   It may corrode you when you take damage.
 q - a +2 hat of magic resistance (worn)
 s - a +2 pair of boots (worn)
 x - the +8 orange crystal plate armour (worn) {Archmagi, Int+3 Clar}
   (You found it in an ice cave)

   It affects your intelligence (+3).
   It protects you against confusion.
Jewellery
 b - the ring of the Thistle (left hand) {rC++ rN+ Dex-3 Slay+3}
   (You acquired it on level 1 of the Depths)

   [ring of positive energy]

   It affects your dexterity (-3).
   It affects your accuracy and damage with ranged weapons and melee attacks
   (+3).
   It greatly protects you from cold.
   It protects you from negative energy.
 g - the ring "Xamu" (right hand) {rF+ rC+ Dex+6}
   (You found it in the Desolation of Salt)

   [ring of protection from fire]

   It affects your dexterity (+6).
   It protects you from fire.
   It protects you from cold.
 j - an uncursed ring of protection from fire
 G - the cursed ring of Arimo {rPois MR+ Str+2 Dex-3}
   (You took it off a yaktaur on level 5 of the Vaults)

   [ring of dexterity]

   It affects your strength (+2).
   It affects your dexterity (-3).
   It protects you from poison.
   It affects your resistance to hostile enchantments.
   It has a curse placed upon it.
 Q - the ring of the Townfolk {+Inv rPois rN+ Dex+6}
   (You found it in an ice cave)

   [ring of positive energy]

   It affects your dexterity (+6).
   It protects you from poison.
   It protects you from negative energy.
   It lets you turn invisible.
 X - the amulet "Sirphiog" (around neck) {Regen+ Dex+8}
   (You found it in the Desolation of Salt)

   [amulet of regeneration]

   It affects your dexterity (+8).
   It increases your rate of regeneration.
Wands
 R - a wand of digging (17/24)
 Z - a wand of disintegration (6/24)
Scrolls
 a - 5 scrolls of blinking
 k - 20 scrolls of remove curse
 o - 9 scrolls of teleportation
 p - 6 scrolls of summoning
 t - 3 scrolls of enchant weapon
 w - 8 scrolls of magic mapping
 A - 7 scrolls of recharging
 J - 9 scrolls of fear
 M - 6 scrolls of identify
 O - 6 scrolls of fog
 P - 6 scrolls of enchant armour
 Y - 2 scrolls of silence
Potions
 e - 10 potions of heal wounds
 i - 17 potions of curing
 l - 4 potions of brilliance
 m - 8 potions of cancellation
 r - 8 potions of agility
 u - 13 potions of haste
 B - 5 potions of ambrosia
 C - 5 potions of magic
 F - 5 potions of resistance
 I - 6 potions of flight
 L - a potion of might
 S - 2 potions of berserk rage
 T - 2 potions of invisibility
 V - 3 potions of cure mutation
Miscellaneous
 K - a phantom mirror
Comestibles
 c - 27 bread rations
 f - 37 fruits


   Skills:
 O Level 27(26.8) Fighting
 O Level 27(26.8) Axes
 - Level 16.8(16.7) Throwing
 O Level 27(26.8) Armour
 + Level 25.4(25.3) Dodging


You had 26 spell levels left.
You didn't know any spells.

Dungeon Overview and Level Annotations

Branches:
Dungeon (15/15)            Temple (0/1) D:4            Lair (6/6) D:10
  Swamp (4/4) Lair:3       Spider (4/4) Lair:4        Slime (0/5) Lair:6
    Orc (2/2) D:10            Elf (0/3) Orc:2        Vaults (5/5) D:13
  Crypt (0/3) Vaults:3     Depths (5/5) D:15            Zot (5/5) Depths:5

Altars:
Cheibriados
Dithmenos
Elyvilon
Fedhas
Gozag
Kikubaaqudgha
Makhleb
Okawaru
Ru
Sif Muna
Uskayaw
Yredelemnul
Zin
The Shining One
Beogh

Shops:
D:6 ?   Orc:2 ([*:   Depths:3 }}=

Portals:
Hell: Depths:1 Depths:2 Depths:3 Depths:4 Depths:5
Abyss: Depths:4
Pandemonium: Depths:2 Depths:3 Depths:4 Depths:5
Ziggurat: Depths:3

Annotations:
Zot:5 1 exclusion


Innate Abilities, Weirdness & Mutations

You reflexively headbutt those who attack you in melee.
You have a pair of horns on your head.
You are partially covered in icy blue scales. (AC +2)


Message History

You regained 10 hp, and now have 264/265 hp.
No target in view!
No target in view!
Things that are here:
a demon blade of electrocution; a scale mail; a gelid demonspawn corpse Health restored: 265 You butcher the gelid demonspawn corpse.
Things that are here:
a demon blade of electrocution; a scale mail; 4 chunks of flesh Evoke which item? (* to show all) (? for menu, Esc to quit)
Aiming: Dig
Press: ? - help, Shift-Dir - straight line The rock shatters into small pieces.
This wand has 17 charges left.
(D) Dungeon (T) Temple (L) Lair (S) Swamp (N) Spider Nest (M) Slime Pits (O) Orcish Mines (E) Elven Halls (V) Vaults (C) Crypt (U) Depths (H) Hell (Z) Zot
Where to? (Enter - D:1 @ (x,y), ? - help)
There is a staircase leading out of the dungeon here.
You have escaped!

#######.#######..........##......
#...###.##...............##.#####
#....##.##...............##....##
.....##.##.........###########...
.....##.#######'##........# ###.
#######.........##...####.# #.
#############..# #.# #.
###################..# #.# ##
....#...##.#..#.@##..####.#
.#....##.#..##..###....##.#
#....#...#.#.##..##.##.##.#
.#....##.###..#####....##.#
.#...#..#...#.### #..####.#
#..#...#.######.###.......#
..##..#.##.#..[#.##...##..#
......##.##..###.##...##..#
#...#..#.#.###.####...##..#


There were no monsters in sight!

Vanquished Creatures
  6 orbs of fire
  6 ancient liches
  Mennas (Depths:4)
  2 juggernauts
  Boris (Depths:4)
  Bai Suzhen (Swamp:3)
  the Lernaean hydra (Swamp:4)
  3 caustic shrikes (Depths:2)
  A curse toe (Zot:2)
  Nikola (Depths:2)
  3 Killer Klowns (Zot:5)
  13 golden dragons
  Arachne (Spider:3)
  5 electric golems
  A Tzitzimitl (Depths:3)
  Jorgrun (Swamp:4)
  19 tentacled monstrosities
  Asterion (Spider:2)
  3 liches
  3 quicksilver dragons
  23 Orb Guardians
  16 death cobs
  16 titans
  9 sphinxes
  The ghost of Duffy the Severer, an adept MiGl of the Shining One (Spider:2)
  Frances (Swamp:1)
  2 thorn hunters
  Agnes (Spider:3)
  4 tentacled starspawn (Abyss:3)
  10 tengu reavers
  12 storm dragons
  9 shadow dragons
  Donald (Swamp:3)
  Kirke (Lair:6)
  16 fire giants
  4 draconian monks
  3 draconian scorchers
  4 deep elf sorcerers
  15 frost giants
  An iron dragon (Vaults:5)
  6 ghost moths
  2 imperial myrmidons (Desolation)
  9 draconian knights
  3 orc warlords
  18 vault wardens
  The ghost of namnharef the Fighter, a journeyman HuBe of Trog (Orc:2)
  2 balrugs (Depths:3)
  4 draconian shifters
  2 emperor scorpions
  4 reapers (Depths:3)
  Aizul (Swamp:1)
  9 draconian stormcallers
  A caustic shrike zombie (Depths:3)
  A juggernaut zombie (Depths:2)
  3 spriggan defenders (Depths:4)
  A deep elf elementalist (Vaults:5)
  8 draconian annihilators
  A caustic shrike skeleton (Depths:2)
  2 war gargoyles (Vaults:5)
  19 stone giants
  A ghoul (Vaults:3)
  A juggernaut skeleton (Depths:3)
  3 vampire knights
  4 entropy weavers
  A blood saint (D:1)
  19 ironheart preservers
  20 very ugly things
  2 deep elf demonologists
  16 yellow draconians
  11 black draconians
  Nessos (D:14)
  20 green draconians
  A black sun (D:1)
  Azrael (Orc:2)
  17 red draconians
  A lorocyproca (Abyss:3)
  6 spark wasps
  2 deep elf annihilators (Vaults:5)
  2 halazid warlocks (Desolation)
  16 purple draconians
  7 white draconians
  12 fire dragons
  2 merfolk impalers
  11 ettins
  3 crystal guardians (Desolation)
  7 deep elf death magi
  18 yaktaur captains
  A merfolk javelineer (Depths:3)
  Josephine (Orc:2)
  16 ogre magi
  5 ragged hierophants (Desolation)
  2 deep elf high priests
  Harold (Orc:1)
  Fannar (Lair:1)
  9 great orbs of eyes
  7 rakshasas
  16 hydras
  9 peacekeepers (Desolation)
  6 ice dragons
  2 hell beasts
  9 servants of whispers
  2 naga warriors (D:14)
  A catoblepas (Lair:6)
  3 spriggan air magi
  32 vault guards
  3 ghost crabs
  The ghost of Feta the Severer, a novice HOFi of Okawaru (D:8)
  19 centaur warriors
  37 two-headed ogres
  8 deep troll earth magi
  6 alligators
  7 deep troll shamans
  6 vampire magi
  13 death yaks
  15 large abominations
  4 orc high priests
  4 spriggan berserkers
  3 tengu warriors
  4 hell knights
  5 soul eaters
  A titan skeleton (Vaults:5)
  4 sun demons
  A titan zombie (Vaults:5)
  5 deep elf knights
  2 wretched stars (Abyss:3)
  5 skeletal warriors (Vaults:2)
  2 sixfirhies
  A fire crab (shapeshifter) (Depths:3)
  2 iron trolls
  A shadow wraith (Vaults:5)
  A golden dragon zombie (Depths:3)
  A spark wasp zombie (Depths:3)
  31 deep trolls
  A spatial maelstrom (Abyss:3)
  An iron troll (shapeshifter) (Depths:2)
  3 spriggan druids
  3 flayed ghosts
  2 shambling mangroves (Swamp:3)
  6 glowing orange brains
  3 shadow demons
  A swamp dragon (shapeshifter) (Depths:5)
  18 ironbrand convokers
  3 unseen horrors
  10 swamp dragons
  A golden dragon skeleton (Depths:3)
  A phantasmal warrior (Vaults:5)
  7 wizards
  The ghost of Feta the Cleaver, a novice HOFi of Okawaru (D:6)
  14 orb spiders
  8 deep elf archers
  2 torturous demonspawn (Depths:3)
  12 necromancers
  17 deep elf magi
  10 harpies (Vaults:3)
  16 orc knights
  3 tengu zombies
  2 sphinx skeletons (Depths:3)
  2 sphinx zombies
  The ghost of nht the Carver, a novice MfBe of Trog (Bailey)
  37 ugly things
  28 wolf spiders
  2 fire giant zombies (Depths:3)
  3 orc sorcerers
  A shadow dragon skeleton (Depths:3)
  2 manticores
  3 frost giant zombies
  Joseph (D:7)
  31 moths of wrath
  4 cyclopes
  A rust devil (Depths:4)
  10 elephants
  5 guardian serpents (Desolation)
  A stone giant skeleton (Vaults:5)
  6 centaur zombies
  4 fire giant skeletons
  2 black mambas (Lair:6)
  4 frost giant skeletons
  A black mamba (shapeshifter) (D:14)
  A smoke demon (Abyss:3)
  A guardian serpent (shapeshifter) (Vaults:4)
  A naga mage (D:15)
  A molten gargoyle (Desolation)
  A titan simulacrum (Depths:3)
  A water nymph (shapeshifter) (D:14)
  An orange demon (Depths:5)
  19 vault sentinels
  A spiny frog (shapeshifter) (Vaults:2)
  6 torpor snails
  15 spiny frogs
  A yaktaur (shapeshifter) (Vaults:3)
  2 spriggan skeletons (Depths:3)
  58 yaktaurs
  5 kobold demonologists
  6 komodo dragons
  A komodo dragon (shapeshifter) (Vaults:4)
  3 hellwings
  2 rime drakes
  An efreet (Abyss:3)
  A golden dragon simulacrum (Depths:3)
  5 spectral swamp worms (Depths:1)
  16 demonic crawlers
  An ancient zyme (Abyss:3)
  5 freezing wraiths
  A tormentor (Zot:5)
  2 tengu conjurers
  A red devil (Depths:3)
  4 meliai (shapeshifter)
  2 elf skeletons (Depths:3)
  29 jumping spiders
  A meliai (D:8)
  A jumping spider (shapeshifter) (Depths:2)
  7 trolls
  29 hornets
  8 tyrant leeches
  13 polar bears
  7 bog bodies
  A wind drake (shapeshifter) (Vaults:2)
  11 blink frogs
  Prince Ribbit (D:9)
  44 saltlings
  A raiju (shapeshifter) (Vaults:5)
  A dream sheep (shapeshifter) (Depths:2)
  2 blink frogs (shapeshifter)
  A snapping turtle (shapeshifter) (Vaults:5)
  70 slime creatures
  A redback (shapeshifter) (Vaults:5)
  7 hippogriffs
  17 spriggans
  6 air elementals (Depths:5)
  A flying skull (Vaults:3)
  3 shadows
  2 vampires
  10 wyverns
  98 redbacks
  5 fire elementals (Orc:2)
  9 water elementals (Depths:5)
  A tarantella (shapeshifter) (Depths:2)
  8 wraiths
  29 tarantellas
  A neqoxec (D:13)
  53 yaks
  A ynoxinul (D:11)
  A hog (Lair:6)
  4 chaos spawn
  A hog (shapeshifter) (Depths:2)
  A steam dragon (Lair:5)
  A spriggan simulacrum (Depths:3)
  3 elf simulacra
  26 vampire mosquitoes
  5 hungry ghosts
  33 insubstantial wisps
  A yaktaur simulacrum (Vaults:5)
  A human zombie (Depths:3)
  30 swamp worms
  9 wargs
  3 acid dragons
  4 spatial vortices (Abyss:3)
  2 hell hounds (Orc:2)
  Edmund (D:5)
  7 porcupines
  13 water moccasins
  A floating eye (shapeshifter) (Vaults:4)
  Duvessa (D:6)
  40 orc warriors
  10 swamp drakes
  6 black bears
  6 ice beasts
  An eye of draining (D:11)
  5 sky beasts
  An ice beast (shapeshifter) (Vaults:3)
  A necrophage (D:13)
  4 phantoms
  26 wolves
  16 boggarts
  34 ogres
  The ghost of namnharef the Slasher, an amateur HuBe of Trog (D:3)
  A centaur (shapeshifter) (Depths:2)
  26 centaurs
  9 small abominations
  12 crocodiles
  3 big kobolds
  Blork the orc (D:4)
  13 bullfrogs
  Dowan (D:6)
  A deep troll simulacrum (Vaults:5)
  A water moccasin zombie (D:12)
  4 scorpions
  2 wyvern skeletons
  7 electric eels
  3 howler monkeys (D:11)
  12 wights
  6 crimson imps
  3 jellies
  A quasit (D:8)
  A human simulacrum (Vaults:3)
  3 iron imps (Depths:4)
  33 orc priests
  5 hounds
  A wyvern simulacrum (D:14)
  Crazy Yiuf (D:5)
  3 bullfrog skeletons
  4 centaur skeletons
  9 iguanas
  26 orc wizards
  2 hell rats (Lair:1)
  7 worker ants
  A hound zombie (D:8)
  4 hound skeletons
  A worker ant zombie (D:9)
  A howler monkey skeleton (D:5)
  13 adders
  8 gnolls
  15 river rats
  8 shadow imps
  2 white imps (Depths:4)
  2 ufetubi
  2 oozes
  An adder zombie (D:7)
  3 worms
  2 dart slugs
  6 leopard geckos
  An orc (shapeshifter) (Depths:2)
  119 orcs
  A ball python (D:5)
  5 giant cockroaches
  2 gnoll zombies (D:6)
  6 hobgoblins
  2 jackals
  14 quokkas
  7 bats
  A frilled lizard (shapeshifter) (Depths:3)
  7 frilled lizards
  17 goblins
  A jackal skeleton (D:4)
  18 kobolds
  A leopard gecko zombie (D:8)
  27 rats
  3 briar patches (Swamp:3)
  2 bushes (Lair:1)
  6 crawling corpses
  2 fungi
  2 plants
  7 starspawn tentacles (Abyss:3)
2597 creatures vanquished.

Vanquished Creatures (collateral kills)
  Rupert (Lair:6)
  3 Orb Guardians (Zot:5)
  A fire giant (Vaults:5)
  A vault warden (Vaults:5)
  An emperor scorpion (Spider:4)
  A deep elf sorcerer (Vaults:5)
  A deep elf elementalist (Vaults:5)
  A war gargoyle (Vaults:5)
  An ettin (Vaults:5)
  2 swamp dragons (Swamp:4)
  2 orc knights (Orc:2)
  An orc sorcerer (Orc:2)
  A moth of wrath (Spider:4)
  A vault sentinel (Vaults:5)
  2 yaktaurs (Vaults:5)
  A human skeleton (Vaults:5)
  A blink frog (Lair:6)
  2 hornets (Spider:4)
  A warg (Orc:2)
  A water moccasin (Lair:6)
  3 orc warriors (Orc:2)
  An orc priest (Orc:2)
  A worker ant (shapeshifter) (Vaults:5)
  2 orcs (Orc:2)
  A crawling corpse (Vaults:5)
34 creatures vanquished.

Vanquished Creatures (others)
  A golden dragon (Zot:4)
  A ghost moth (Zot:4)
  A balrug (D:1)
  A fire dragon (Depths:2)
  A ragged hierophant (Desolation)
  A deep elf mage (Vaults:2)
  A moth of wrath (Zot:5)
  A polar bear (IceCv)
  3 insubstantial wisps
  3 humans
  3 fungi
  5 plants
  6 starspawn tentacles (Abyss:3)
28 creatures vanquished.

Grand Total: 2659 creatures vanquished

Notes
Turn   | Place    | Note
-------+----------+-------------------------------------------
     0 | D:1      | Scytalen the Minotaur Berserker began the quest for the Orb.
     0 | D:1      | Reached XP level 1. HP: 19/19 MP: 0/0
   346 | D:1      | Reached XP level 2. HP: 25/26 MP: 1/1
   769 | D:1      | Reached skill level 5 in Axes
   917 | D:1      | Reached XP level 3. HP: 29/31 MP: 2/2
   985 | D:2      | Found a white marble altar of Elyvilon.
  1006 | D:2      | Reached ** piety under Trog
  1310 | D:2      | Reached XP level 4. HP: 38/39 MP: 3/3
  1363 | D:2      | Found an iron altar of Okawaru.
  1818 | D:3      | Noticed namnharef's ghost (amateur HuBe)
  1831 | D:3      | Killed namnharef's ghost
  1831 | D:3      | Reached XP level 5. HP: 45/45 MP: 4/4
  1879 | D:3      | Gained mutation: Your movements are slightly less encumbered by armour. (ER -2) [potion of beneficial mutation]
  1961 | D:3      | Reached *** piety under Trog
  2068 | D:3      | Found an ancient bone altar of Kikubaaqudgha.
  2450 | D:3      | Noticed a human
  2450 | D:3      | Killed a human
  2681 | D:4      | Noticed a phantom
  2692 | D:3      | Reached XP level 6. HP: 51/51 MP: 5/5
  3025 | D:4      | Found a blossoming altar of Fedhas.
  3049 | D:4      | Found a staircase to the Ecumenical Temple.
  3095 | D:4      | Noticed Blork the orc
  3111 | D:4      | Killed Blork the orc
  3173 | D:4      | Reached XP level 7. HP: 53/57 MP: 6/6
  3524 | D:5      | Entered Level 5 of the Dungeon
  3695 | D:5      | Found a runed door.
  3699 | D:5      | Noticed Crazy Yiuf
  3703 | D:5      | Killed Crazy Yiuf
  3844 | D:5      | Noticed Edmund
  3860 | D:5      | Reached skill level 5 in Fighting
  3869 | D:5      | Killed Edmund
  3869 | D:5      | Reached skill level 10 in Axes
  4264 | D:5      | Reached XP level 8. HP: 69/70 MP: 7/7
  4274 | D:5      | Found a snail-covered altar of Cheibriados.
  4463 | D:5      | Reached **** piety under Trog
  4953 | D:6      | Found a blossoming altar of Fedhas.
  5027 | D:6      | Noticed Feta's ghost (novice HOFi)
  5035 | D:6      | Killed Feta's ghost
  5035 | D:6      | Reached skill level 5 in Armour
  5318 | D:6      | Found a basalt altar of Yredelemnul.
  5357 | D:6      | Reached XP level 9. HP: 69/82 MP: 5/8
  5393 | D:6      | Found Moyfro's Magic Scroll Shoppe.
  5396 | D:6      | Bought a scroll of identify for 24 gold pieces
  5396 | D:6      | Bought a scroll of fog for 24 gold pieces
  5396 | D:6      | Bought a scroll of identify for 24 gold pieces
  5537 | D:6      | Noticed Duvessa
  5538 | D:6      | Noticed Dowan
  5548 | D:6      | Killed Duvessa
  5557 | D:6      | Killed Dowan
  5753 | D:7      | Noticed Joseph
  5779 | D:7      | Killed Joseph
  6188 | D:7      | Reached skill level 10 in Fighting
  6491 | D:7      | Found a deep blue altar of Sif Muna.
  6679 | D:8      | Reached ***** piety under Trog
  6961 | D:8      | Noticed Feta's ghost (novice HOFi)
  6963 | D:8      | Noticed a meliai
  6970 | D:8      | Killed Feta's ghost
  6970 | D:8      | Reached XP level 10. HP: 85/95 MP: 6/9
  7297 | D:8      | Found a sacrificial altar of Ru.
  7443 | D:8      | Found a shadowy altar of Dithmenos.
  7571 | D:8      | Found a burning altar of Makhleb.
  7574 | D:8      | Found a glowing silver altar of Zin.
  7574 | D:8      | Noticed a blizzard demon
  7575 | D:8      | Noticed an angel
  7907 | D:9      | Noticed Prince Ribbit
  7923 | D:9      | Killed Prince Ribbit
  7923 | D:9      | Received a gift from Trog
  8153 | D:9      | Noticed a two-headed ogre
  8165 | D:9      | Killed a two-headed ogre
  8777 | D:9      | Found an opulent altar of Gozag.
  9037 | D:10     | Entered Level 10 of the Dungeon
  9042 | D:9      | Reached XP level 11. HP: 95/104 MP: 8/10
  9158 | D:10     | Found a staircase to the Orcish Mines.
  9270 | D:10     | Killed an unseen horror
  9279 | D:10     | Noticed a death yak
  9280 | D:10     | Noticed a death yak
  9293 | D:10     | Noticed a death yak
  9293 | D:10     | Noticed a death yak
  9295 | D:10     | Noticed a death yak
  9295 | D:10     | Killed a death yak
  9295 | D:10     | Reached skill level 15 in Axes
  9296 | D:10     | Noticed a death yak
  9302 | D:10     | Killed a death yak
  9305 | D:10     | Killed a death yak
  9653 | D:10     | Found a staircase to the Lair.
  9973 | D:11     | Found a glowing golden altar of the Shining One.
 10265 | D:11     | Got a smoking cloak
 10276 | D:11     | Identified the +1 cloak of Sin {*Slow rPois rN+} (You found it on level 11 of the Dungeon)
 10362 | D:11     | Noticed a brown ugly thing
 10370 | D:11     | Killed a brown ugly thing
 10818 | Lair:1   | Entered Level 1 of the Lair of Beasts
 11143 | Lair:1   | Reached ****** piety under Trog
 11148 | Lair:1   | Reached XP level 12. HP: 101/112 MP: 11/11
 11187 | Lair:1   | Noticed Fannar
 11213 | Lair:1   | Killed Fannar
 11401 | Lair:1   | Received a gift from Trog
 11747 | Lair:2   | Found a frozen archway.
 11819 | IceCv    | Entered an ice cave
 12329 | IceCv    | Noticed a frost giant
 12329 | IceCv    | Noticed a death yak
 12345 | IceCv    | Killed a death yak
 12354 | IceCv    | Killed a frost giant
 12406 | IceCv    | Got a clouded amber ring
 12587 | Lair:2   | Identified the ring of the Townfolk {+Inv rPois rN+ Dex+6} (You found it in an ice cave)
 12763 | Lair:2   | Noticed a death yak
 12773 | Lair:2   | Reached XP level 13. HP: 111/118 MP: 10/12
 12774 | Lair:2   | Reached skill level 1 in Throwing
 12776 | Lair:2   | Received a gift from Trog
 13404 | Lair:3   | Found a staircase to the Swamp.
 14396 | Lair:4   | Found a hole to the Spider Nest.
 14712 | Lair:5   | Reached skill level 10 in Armour
 14778 | Lair:5   | Got a faintly glowing copper ring
 14780 | Lair:5   | Identified the ring of Zautziq {Dex+3 SInv} (You found it on level 5 of the Lair of Beasts)
 15189 | Lair:6   | Entered Level 6 of the Lair of Beasts
 15240 | Lair:6   | Found a staircase to the Slime Pits.
 15250 | Lair:6   | Reached skill level 5 in Throwing
 15332 | Lair:6   | Noticed Rupert
 15336 | Lair:6   | Noticed Kirke
 15354 | Lair:6   | Killed Rupert
 15356 | Lair:6   | Killed Kirke
 15382 | Lair:6   | Received a gift from Trog
 15513 | Lair:6   | Reached XP level 14. HP: 130/130 MP: 13/13
 15584 | Lair:6   | Received a gift from Trog
 15779 | Lair:6   | Found a snail-covered altar of Cheibriados.
 16378 | D:12     | Found a hide-covered altar of Uskayaw.
 16604 | D:13     | Found a flagged portal.
 16613 | Bailey   | Entered a bailey
 16800 | Bailey   | Noticed nht's ghost (novice MfBe)
 16803 | Bailey   | Killed nht's ghost
 17097 | Bailey   | Got a scorched plate armour
 17208 | Bailey   | Identified the +11 plate armour of Uruqidila {*Slow Regen+ Dex+6} (You found it in a bailey)
 17498 | D:13     | Received a gift from Trog
 17626 | D:13     | Reached skill level 15 in Fighting
 17649 | D:13     | Found a gate to the Vaults.
 17661 | D:13     | You fall through a shaft for 2 floors!
 17661 | D:15     | Entered Level 15 of the Dungeon
 18208 | D:15     | Received a gift from Trog
 18518 | D:15     | Received a gift from Trog
 18519 | D:15     | Found a staircase to the Depths.
 18524 | D:15     | Reached XP level 15. HP: 122/141 MP: 14/14
 19366 | D:14     | Noticed Nessos
 19374 | D:14     | Killed Nessos
 19396 | D:14     | Found a large runed door.
 19397 | D:14     | Found a large runed door.
 19413 | D:14     | Found an iron altar of Okawaru.
 19414 | D:14     | Found an iron altar of Okawaru.
 20078 | D:13     | Received a gift from Trog
 20089 | D:13     | Reached skill level 10 in Throwing
 20222 | Orc:1    | Entered Level 1 of the Orcish Mines
 20474 | Orc:2    | Entered Level 2 of the Orcish Mines
 20477 | Orc:2    | Noticed Josephine
 20492 | Orc:2    | Killed Josephine
 20656 | Orc:2    | Noticed an orc warlord
 20666 | Orc:2    | Killed an orc warlord
 20675 | Orc:2    | Received a gift from Trog
 20769 | Orc:2    | Found a roughly hewn altar of Beogh.
 20809 | Orc:2    | Found Jiple's Antique Armour Shoppe.
 20817 | Orc:2    | Found Peygom's Antique Weapon Shoppe.
 20823 | Orc:2    | Found Asejilir's General Store.
 20847 | Orc:2    | Received a gift from Trog
 20848 | Orc:2    | Found Jibeussigyo's Book Shoppe.
 20872 | Orc:2    | Found a staircase to the Elven Halls.
 20970 | Orc:2    | Noticed namnharef's ghost (journeyman HuBe)
 20980 | Orc:2    | Killed namnharef's ghost
 21060 | Orc:2    | Noticed Azrael
 21079 | Orc:2    | Killed Azrael
 21454 | Orc:2    | Noticed an orc warlord
 21474 | Orc:2    | Killed an orc warlord
 21592 | Orc:1    | Noticed Harold
 21608 | Orc:1    | Killed Harold
 21613 | Orc:1    | Received a gift from Trog
 21874 | Swamp:1  | Entered Level 1 of the Swamp
 21904 | Swamp:1  | Noticed Frances
 21915 | Swamp:1  | Killed Frances
 21993 | Swamp:1  | Noticed Aizul
 22010 | Swamp:1  | Killed Aizul
 22010 | Swamp:1  | Reached XP level 16. HP: 141/152 MP: 9/15
 22229 | Swamp:1  | Received a gift from Trog
 22338 | Swamp:1  | Received a gift from Trog
 22906 | Swamp:2  | Reached skill level 15 in Armour
 23012 | Swamp:2  | Received a gift from Trog
 23631 | Swamp:3  | Got an amethyst-encrusted plate armour
 23642 | Swamp:3  | Identified the +10 plate armour of Ivvem {rN+} (You found it on level 3 of the Swamp)
 23834 | Swamp:3  | Noticed Bai Suzhen
 23894 | Swamp:3  | Killed Bai Suzhen
 23919 | Swamp:3  | Noticed Donald
 24023 | Swamp:3  | Received a gift from Trog
 24446 | Swamp:4  | Entered Level 4 of the Swamp
 24525 | Swamp:4  | Received a gift from Trog
 24569 | Swamp:4  | Noticed the 27-headed Lernaean hydra
 24743 | Swamp:4  | Noticed Jorgrun
 24761 | Swamp:4  | Killed Jorgrun
 25039 | Swamp:4  | Reached XP level 17. HP: 149/163 MP: 14/16
 25043 | Swamp:4  | Received a gift from Trog
 25431 | Swamp:4  | Got a decaying rune of Zot
 25496 | Swamp:4  | Killed the 24-headed Lernaean hydra
 26111 | Swamp:3  | Killed Donald
 26276 | Spider:1 | Entered Level 1 of the Spider Nest
 26361 | Spider:1 | Received a gift from Trog
 26838 | Spider:1 | Received a gift from Trog
 27387 | Spider:2 | Noticed Asterion
 27398 | Spider:2 | Killed Asterion
 27452 | Spider:2 | Noticed Duffy's ghost (adept MiGl)
 27467 | Spider:2 | Killed Duffy's ghost
 27554 | Spider:2 | Received a gift from Trog
 28020 | Spider:3 | Noticed Arachne
 28036 | Spider:3 | Killed Arachne
 28036 | Spider:3 | Reached XP level 18. HP: 158/174 MP: 15/17
 28338 | Spider:3 | Noticed Agnes
 28352 | Spider:3 | Killed Agnes
 28397 | Spider:3 | Received a gift from Trog
 28445 | Spider:3 | Upgraded the game from 0.20-a0-465-g6513c8f to 0.20-a0-470-gbb038bd
 28705 | Spider:4 | Entered Level 4 of the Spider Nest
 29229 | Spider:4 | Got a fine war axe
 29230 | Spider:4 | Identified the +5 war axe of Shame {antimagic, rF+ rC+ rN+ Str-5} (You found it on level 4 of the Spider Nest)
 29237 | Spider:4 | Got a gossamer rune of Zot
 29520 | Spider:4 | Received a gift from Trog
 30162 | Depths:1 | Entered Level 1 of the Depths
 30162 | Depths:1 | Found a gateway to Hell.
 30411 | Depths:1 | Identified 2 scrolls of acquirement
 30473 | Depths:1 | Got a warped copper ring
 30475 | Depths:1 | Identified the ring of the Thistle {rC++ rN+ Dex-3 Slay+3} (You acquired it on level 1 of the Depths)
 30615 | Depths:1 | Paralysed by an ogre mage for 2 turns
 30942 | Depths:2 | Received a gift from Trog
 30954 | Depths:2 | Reached XP level 19. HP: 169/183 MP: 15/18
 31004 | Depths:2 | Received a gift from Trog
 31109 | Depths:2 | Noticed a juggernaut
 31130 | Depths:2 | Killed a juggernaut
 31131 | Depths:2 | Noticed a caustic shrike
 31150 | Depths:2 | Killed a caustic shrike
 31518 | Depths:2 | Received a gift from Trog
 32059 | Depths:2 | Found a one-way gate leading to the halls of Pandemonium.
 32162 | Depths:2 | Noticed Nikola
 32169 | Depths:2 | Noticed a golden dragon
 32174 | Depths:2 | Killed a golden dragon
 32179 | Depths:2 | Killed Nikola
 32307 | Depths:2 | Noticed an ancient lich
 32322 | Depths:2 | Killed an ancient lich
 32348 | Depths:2 | Reached XP level 20. HP: 115/191 MP: 8/19
 32352 | Depths:2 | Noticed a caustic shrike
 32359 | Depths:2 | Killed a caustic shrike
 32484 | Depths:2 | Received a gift from Trog
 32530 | Depths:2 | Cast into level 3 of the Abyss (a deep elf sorcerer)
 32586 | Abyss:3  | Reached skill level 27 in Axes
 32711 | Abyss:3  | Received a gift from Trog
 32764 | Abyss:3  | Found a deep blue altar of Sif Muna.
 32788 | Abyss:3  | Received a gift from Trog
 32814 | Abyss:3  | Identified the Almanac of the Entourage
 32824 | Abyss:3  | Got a faintly glowing copper amulet
 32826 | Abyss:3  | Identified the amulet of Nomisuy {RegenMP rElec rF- Str-2 SInv} (You found it on level 3 of the Abyss)
 32831 | Abyss:3  | Identified the Tome of Calling
 32879 | Depths:2 | Escaped the Abyss
 32978 | Depths:2 | Noticed a caustic shrike
 32985 | Depths:2 | Killed a caustic shrike
 33402 | Depths:3 | Noticed a golden dragon
 33411 | Depths:3 | Killed a golden dragon
 33411 | Depths:3 | Reached skill level 5 in Dodging
 33457 | Depths:3 | Found a gateway to a ziggurat.
 33717 | Depths:3 | Found an ancient bone altar of Kikubaaqudgha.
 33965 | Depths:3 | Found Xocublig's Jewellery Emporium.
 33966 | Depths:3 | Found Adghyug's Gadget Shop.
 33966 | Depths:3 | Found Sizevyi's Gadget Shop.
 33974 | Depths:3 | Bought the amulet of Fuiklo {Spirit Str+6} for 644 gold pieces
 34368 | Depths:3 | Received a gift from Trog
 34474 | Depths:3 | Reached skill level 15 in Throwing
 34523 | Depths:3 | Reached XP level 21. HP: 201/201 MP: 20/20
 35288 | Depths:3 | Identified the Almanac of Clay and Aid
 35416 | Depths:4 | Received a gift from Trog
 35615 | Depths:4 | Noticed Boris
 35631 | Depths:4 | Killed Boris
 36118 | Depths:4 | Found a portal to a secret trove of treasure.
 36141 | Trove    | Entered a treasure trove
 36154 | Trove    | Got a fine cloak
 36202 | Trove    | Identified the +1 cloak "Ymmauf" {-Cast *Corrode rElec Regen+} (You found it in a treasure trove)
 36389 | Depths:4 | Found a one-way gate to the infinite horrors of the Abyss.
 36568 | Depths:4 | Noticed a golden dragon
 36577 | Depths:4 | Killed a golden dragon
 36630 | Depths:4 | Noticed a golden dragon
 36641 | Depths:4 | Killed a golden dragon
 36739 | Depths:5 | Entered Level 5 of the Depths
 36739 | Depths:5 | Noticed Mennas
 36754 | Depths:4 | Killed Mennas
 36761 | Depths:5 | Reached * piety under Trog
 36775 | Depths:5 | Noticed a juggernaut
 36786 | Depths:5 | Killed a juggernaut
 36891 | Depths:5 | Reached skill level 10 in Dodging
 37062 | Depths:5 | Reached XP level 22. HP: 211/211 MP: 19/21
 37333 | Depths:5 | Noticed a golden dragon
 37338 | Depths:5 | Killed a golden dragon
 37418 | Depths:5 | Noticed a golden dragon
 37419 | Depths:5 | Found a gate to the Realm of Zot.
 37425 | Depths:5 | Killed a golden dragon
 38491 | Vaults:1 | Entered Level 1 of the Vaults
 38921 | Vaults:1 | Received a gift from Trog
 39114 | Vaults:1 | Received a gift from Trog
 39556 | Vaults:2 | Received a gift from Trog
 39839 | Vaults:2 | Received a gift from Trog
 39905 | Vaults:2 | Received a gift from Trog
 40320 | Vaults:2 | Received a gift from Trog
 40501 | Vaults:3 | Reached XP level 23. HP: 221/221 MP: 20/22
 40521 | Vaults:3 | Received a gift from Trog
 40626 | Vaults:3 | Received a gift from Trog
 40920 | Vaults:3 | Received a gift from Trog
 41399 | Vaults:3 | Found a staircase to the Crypt.
 41450 | Vaults:3 | Received a gift from Trog
 41876 | Vaults:4 | Found a ruined gateway.
 41905 | Desolati | Entered the Desolation of Salt
 41936 | Desolati | Got a sparkling ivory ring
 41937 | Desolati | Identified the ring "Xamu" {rF+ rC+ Dex+6} (You found it in the Desolation of Salt)
 42076 | Desolati | Received a gift from Trog
 42114 | Desolati | Got a glittering bronze ring
 42121 | Desolati | Got a twitching silver amulet
 42122 | Desolati | Identified the ring of the Robin {Fire rElec} (You found it in the Desolation of Salt)
 42123 | Desolati | Identified the amulet "Sirphiog" {Regen+ Dex+8} (You found it in the Desolation of Salt)
 42125 | Desolati | Identified the Tome of the Escort and Transformation
 42212 | Desolati | Got an ancient wooden ring
 42213 | Desolati | Identified the ring "Nuvi" {rC+ Str+7 Dex+3} (You found it in the Desolation of Salt)
 42216 | Desolati | Identified Cunliukk's Almanac of the Displaced Blaze
 42995 | Vaults:4 | Reached XP level 24. HP: 234/234 MP: 22/22
 43166 | Vaults:4 | Received a gift from Trog
 43438 | Vaults:4 | Received a gift from Trog
 43515 | Vaults:4 | Reached skill level 15 in Dodging
 43733 | Vaults:4 | Received a gift from Trog
 43832 | Vaults:5 | Entered Level 5 of the Vaults
 43841 | Vaults:5 | Received a gift from Trog
 44005 | Vaults:5 | Paralysed by a sphinx for 2 turns
 44017 | Vaults:5 | Received a gift from Trog
 44054 | Vaults:5 | Received a gift from Trog
 44072 | Vaults:5 | Reached XP level 25. HP: 232/245 MP: 22/22
 44092 | Vaults:5 | Received a gift from Trog
 44120 | Vaults:5 | Received a gift from Trog
 44541 | Vaults:5 | Got a silver rune of Zot
 44703 | Vaults:5 | Got a transparent amber ring
 44883 | Vaults:5 | Identified the cursed ring of Arimo {rPois MR+ Str+2 Dex-3} (You took it off a yaktaur on level 5 of the Vaults)
 44972 | Vaults:5 | Identified the Papyrus of Dusty Orientation
 45324 | Vaults:2 | Received a gift from Trog
 45689 | Zot:1    | Entered Level 1 of the Realm of Zot
 46092 | Zot:1    | Received a gift from Trog
 46735 | Zot:1    | Reached XP level 26. HP: 256/258 MP: 22/22
 47243 | Zot:2    | Received a gift from Trog
 47443 | Zot:2    | Gained mutation: You are partially covered in icy blue scales. (AC +2) [potion of beneficial mutation]
 47482 | Zot:2    | Received a gift from Trog
 47724 | Zot:3    | Received a gift from Trog
 47756 | Zot:2    | Noticed an orb of fire
 47767 | Zot:2    | Killed an orb of fire
 48325 | Zot:4    | Reached skill level 27 in Fighting
 48413 | Zot:4    | Reached XP level 27. HP: 271/271 MP: 22/22
 48549 | Zot:4    | Received a gift from Trog
 49156 | Zot:5    | Entered Level 5 of the Realm of Zot
 49359 | Zot:5    | Noticed an ancient lich
 49372 | Zot:5    | Killed an ancient lich
 49372 | Zot:5    | Reached skill level 27 in Armour
 49633 | Zot:5    | Noticed an ancient lich
 49642 | Zot:5    | Noticed an ancient lich
 49642 | Zot:5    | Killed an ancient lich
 49652 | Zot:5    | Killed an ancient lich
 49655 | Zot:5    | Noticed an ancient lich
 49665 | Zot:5    | Killed an ancient lich
 49734 | Zot:5    | Noticed an orb of fire
 49749 | Zot:5    | Killed an orb of fire
 49797 | Zot:5    | Noticed an orb of fire
 49800 | Zot:5    | Gained mutation: You expend magic power (3 MP) to strengthen your wands. [an orb of fire]
 49809 | Zot:5    | Gained mutation: You are clumsy. (Dex -2) [an orb of fire]
 49818 | Zot:5    | Killed an orb of fire
 49818 | Zot:5    | Received a gift from Trog
 49830 | Zot:5    | Noticed an orb of fire
 49833 | Zot:5    | Gained mutation: You occasionally shout uncontrollably at your foes. [an orb of fire]
 49840 | Zot:5    | Gained mutation: You are dopey. (Int -2) [an orb of fire]
 49847 | Zot:5    | Killed an orb of fire
 49870 | Zot:5    | Noticed an ancient lich
 49890 | Zot:5    | Killed an ancient lich
 49909 | Zot:5    | Noticed an orb of fire
 49921 | Zot:5    | Gained mutation: You are occasionally teleported next to monsters. [an orb of fire]
 49924 | Zot:5    | Killed an orb of fire
 50037 | Zot:5    | Received a gift from Trog
 50058 | Zot:5    | Lost mutation: You are clumsy. (Dex -2) [potion of cure mutation]
 50058 | Zot:5    | Lost mutation: You expend magic power (3 MP) to strengthen your wands. [potion of cure mutation]
 50058 | Zot:5    | Lost mutation: You are dopey. (Int -2) [potion of cure mutation]
 50058 | Zot:5    | Lost mutation: You occasionally shout uncontrollably at your foes. [potion of cure mutation]
 50058 | Zot:5    | Lost mutation: You are occasionally teleported next to monsters. [potion of cure mutation]
 50058 | Zot:5    | Lost mutation: Your movements are slightly less encumbered by armour. (ER -2) [potion of cure mutation]
 50060 | Zot:5    | Got the Orb of Zot
 50068 | Zot:5    | Noticed an orb of fire
 50077 | Zot:5    | Killed an orb of fire
 50126 | Zot:5    | Noticed Boxtios the pandemonium lord
 50127 | Zot:5    | Noticed an ancient lich
 50129 | Zot:5    | Noticed a seraph
 50189 | Zot:2    | Noticed Feph the pandemonium lord
 50365 | Depths:4 | Received a gift from Trog
 50794 | D:$      | Escaped with the Orb!

Vault maps used:
D:1:      erik_arrival_cave_to_civilisation, minmay_ruptured
D:2:      overflow_temple_1_default, okawaru_gym_becter
D:3:      kennysheep_minor_cross, tgw_kikubaaqudgha
D:4:      kennysheep_the_goblin_king, old_standard_altar, first_bread,
          kennysheep_generic_room_13, uniq_blork_the_orc
D:5:      lemuel_ratsnest, kennysheep_mini_moat, uniq_edmund,
          uniq_crazy_yiuf_cottage
D:6:      lemuel_zombie_altar_yredelemnul, serial_shops,
          nicolae_shop_window_shopping, fedhas_bush_and_centaur_altar,
          uniq_duvessa
D:7:      grunt_decor_arrowhead, the_bakery, lemuel_blue_sif_altar, uniq_joseph
D:8:      hangedman_cross_stitches, nicolae_overflow_crystal_walls,
          grunt_temple_overflow_order_and_chaos_2, lemuel_doored_altar,
          special_room
D:9:      nicolae_gozag_seed_capital, uniq_prince_ribbit1
D:10:     dpeg_lair_monsters, orc_0_dummy
D:11:     tso_metal_star
D:12:     basic_altar
D:13:     david_vaults_5, enter_bailey_2
D:14:     okawaru_arena_lexackson, kennysheep_flooded_box,
          kennysheep_inner_square, uniq_nessos
D:15:     grunt_enter_depths_magical_seal, st_stairs_9
Lair:1:   st_stairs_4, minmay_hedge_maze, kennysheep_rathole,
          grunt_megastairs_3, uniq_fannar
Lair:2:   portal_ice_cave_entry_pillars_1, serial_bayou_shore_b,
          infiniplex_staircase_pool_2
Lair:3:   nicolae_swamp_entry_splash_gauntlet, grunt_megastairs_1,
          infiniplex_staircase_pool
Lair:4:   spider_nest_entry_webs, beast_lair_carwin_7
Lair:6:   grunt_lair_end_beastmaster, slime_dummy, kennysheep_snail_temple,
          uniq_rupert, uniq_kirke
Swamp:1:  nicolae_swamp_very_dense_foliage, uniq_frances, uniq_aizul
Swamp:2:  evilmike_swamp_ruin_rubble_1
Swamp:3:  evilmike_swamp_ruin_house_4, swamp_pool1, uniq_bai_suzhen, uniq_donald
Swamp:4:  swamp_old_school, uniq_jorgrun
Spider:1: guppyfry_spider_mini_2
Spider:2: uniq_asterion
Spider:3: uniq_arachne, uniq_agnes
Spider:4: spider_rune_water
Orc:1:    uniq_harold
Orc:2:    grunt_orc_cross, uniq_josephine, uniq_azrael
Vaults:1: v_rooms_3, nicolae_vaults_little_squares_4, v_misc_25,
          vaults_room_semicircle, v_misc_22, v_misc_15,
          nicolae_vaults_ring_of_whatevers
Vaults:2: hangedman_vaults_unwind, grunt_vaults_focal, vaults_room_semicircle,
          ontoclasm_vaults_ring_small, st_lattice, ontoclasm_vaults_eye,
          v_misc_2, ontoclasm_vaults_idyll, vaults_room_pools,
          ontoclasm_vaults_chip, nicolae_vaults_mini_display_case
Vaults:3: nicolae_vaults_halls_meeting, minmay_crypt_entry_simple_corners,
          v_misc_5, nicolae_vaults_network_square, hangedman_vaults_slice,
          hangedman_vaults_impose, nicolae_vaults_circle_grid_a, v_misc_17,
          v_pattern_1, hangedman_vaults_corner, ontoclasm_vaults_fault,
          hangedman_vaults_cutoff, serial_hangedman_research
Vaults:4: hangedman_vaults_restitches, nicolae_vaults_gold_heap,
          nicolae_vaults_circle_grid_a, vaults_mumra_hexcomb, st_diamondy,
          hangedman_vaults_capsules, ontoclasm_vaults_loading_screen,
          vaults_room_door_hall, hangedman_vaults_restitches,
          dpeg_vaults_monster_row, vaults_room_pools,
          nicolae_vaults_little_squares_2, grunt_vaults_hallway_short,
          portal_desolation_entry_salt
Depths:1: pf_hell_entry_tar_river, minmay_misc_feat_roman, kennysheep_two_boxes
Depths:2: hangedman_pleasuredromes, pan_entry, hell_entry, uniq_nikola
Depths:3: evilmike_negative_zone, enter_ziggurat_b, nrook_uturn,
          lightli_too_deep, rand_demon_pan_entry_5, lightli_fourway_metalbox,
          minmay_staircase_bubble, minmay_shop_grove, serial_bayou_shore_a
Depths:4: minmay_two_paths, enter_trove_0, hell_entry, minmay_misc_feat_encased,
          grunt_pan_entry_spiral, abyss_entry, dk_noncrumbling_4,
          grunt_ministairs_3, uniq_boris
Depths:5: grunt_zot_entry_hairpin, pan_entry, pf_hell_entry_great_geh,
          minmay_misc_feat_four_crosses, eino_curves_02, uniq_mennas
Zot:1:    minmay_elemental_castle, lemuel_baited_zot_trap
Zot:2:    nicolae_zot_stationary_front, kennysheep_underground_church
Zot:4:    nicolae_zot_crop_circle
Abyss:3:  eino_small_chamber_without_monster
Trove:    trove_armour_six_rooms
Bailey:   bailey_polearm_1, bailey
IceCv:    ice_cave_caverns_03

Skill      XL: |  1  2  3  4  5  6  7  8  9 10 11 12 13 14 15 16 17 18 19 20 21 22 23 24 25 26 27 |
---------------+----------------------------------------------------------------------------------+-----
Axes           | 4 5 7 8 9 10 11 12 14 17 20 21 22 24 26 27 | 27.0
Fighting       | 6 8 11 12 13 15 16 17 18 19 20 21 22 23 24 25 27 | 27.0
Armour         | 4 6 7 8 11 13 14 16 17 18 19 21 22 23 24 26 27 | 27.0
Throwing       | 6 9 10 12 13 14 15 16 | 16.8
Dodging        | 7 10 12 14 16 18 20 25 | 25.4

Action                   |  1- 3 |  4- 6 |  7- 9 | 10-12 | 13-15 | 16-18 | 19-21 | 22-24 | 25-27 || total
-------------------------+-------+-------+-------+-------+-------+-------+-------+-------+-------++-------
Melee: Hand axe          |    52 |   125 |   107 |       |       |       |       |       |       ||   284
       Headbutt          |     7 |    28 |    76 |   113 |   253 |   325 |   367 |   356 |   511 ||  2036
       War axe           |       |       |   184 |   101 |       |       |       |       |       ||   285
       Battleaxe         |       |       |       |   350 |   855 |  1016 |       |       |       ||  2221
       Executioner's axe |       |       |       |       |       |   118 |   969 |  1081 |  1256 ||  3424
Throw: Stone             |     3 |    25 |    64 |    16 |       |       |       |       |       ||   108
       Tomahawk          |       |       |       |    43 |   120 |   289 |    32 |       |       ||   484
       Javelin           |       |       |       |       |       |    59 |    26 |    16 |    10 ||   111
Invok: Berserk           |       |     3 |     6 |     5 |     5 |     4 |     3 |       |     3 ||    29
       Trog's Hand       |       |       |     1 |     1 |     2 |     2 |       |     1 |       ||     7
       Brothers in Arms  |       |       |       |       |     4 |     2 |     1 |       |     4 ||    11
Evoke: Wand              |       |       |       |     4 |       |       |     1 |       |     2 ||     7
  Use: Scroll            |       |     8 |     7 |     9 |     7 |    21 |     5 |     8 |     5 ||    70
       Potion            |       |     1 |       |     1 |       |       |       |     1 |     7 ||    10
 Stab: Petrified         |       |       |       |       |    10 |       |       |       |       ||    10
       Petrifying        |       |       |       |       |     1 |       |       |       |       ||     1
       Distracted        |       |       |       |       |       |       |     2 |     1 |     6 ||     9
       Confused          |       |       |       |       |       |       |       |     2 |     8 ||    10
  Eat: Chunk             |     1 |     9 |    15 |    26 |    38 |    28 |    19 |    23 |    22 ||   181
       Pizza             |       |       |     1 |       |       |       |       |       |       ||     1
       Beef jerky        |       |       |     1 |       |       |       |       |       |       ||     1
       Bread ration      |       |       |       |       |       |     2 |     1 |       |     3 ||     6
Armor: Animal skin       |     8 |       |       |       |       |       |       |       |       ||     8
       Chain mail        |       |    41 |    12 |    34 |       |       |       |       |       ||    87
       Ring mail         |       |       |    55 |     5 |       |       |       |       |       ||    60
       Plate armour      |       |       |       |   172 |       |       |       |       |       ||   172
       Crystal plate arm |       |       |       |    37 |   601 |  1142 |   663 |   788 |   777 ||  4008
Dodge: Dodged            |    25 |    64 |   131 |   156 |   194 |   385 |   301 |   768 |  1026 ||  3050
